 Dungeon Crawl Stone Soup version 0.17-a0-2211-gbb7320e (webtiles) character file.

546932 TugoseryaHuesosov the Axe Maniac (level 24, -3/240 HPs)
             Began as a Minotaur Berserker on Oct 26, 2015.
             Was the Champion of Trog.
             Killed from afar by a lich (67 damage)
             ... with a crystal spear
             ... on level 5 of the Abyss on Oct 27, 2015.
             The game lasted 05:57:54 (71979 turns).

TugoseryaHuesosov the Axe Maniac (MiBe)            Turns: 71979, Time: 05:57:54

Health: -3/240     AC: 48    Str: 35    XL:     24   Next: 92%
Magic:  11/11      EV: 13    Int:  4    God:    Trog [******]
Gold:   4964       SH:  0    Dex: 12    Spells: 0 memorised, 23 levels left

rFire  + + .     SeeInvis .     J - +5 executioner's axe (antimagic)
rCold  + + .     Clarity  .     y - +12 gold dragon armour
rNeg   + . .     SustAt   .     (no shield)
rPois  +         Gourm    .     m - +2 hat {MR+}
rElec  .         Spirit   .     O - +2 cloak {rF+}
rCorr  .         Warding  .     E - +0 pair of gloves {Str+3}
rMut   +         Stasis   .     S - +2 pair of boots
MR     ++++.                    f - amulet of resist mutation
Stlth  ..........               T - ring of positive energy
                                G - ring of protection from cold

@: lethally poisoned (-3 -> -3), regenerating, studying Armour, incredibly
resistant to hostile enchantments, extremely unstealthy
A: retaliatory headbutt, horns 2, molten scales 1, screaming 1
a: Berserk, Trog's Hand, Brothers in Arms, Burn Spellbooks, Renounce Religion
}: 3/15 runes: decaying, serpentine, silver


You were on level 5 of the Abyss.
You worshipped Trog.
Trog was exalted by your worship.
You were not hungry.

You visited 8 branches of the dungeon, and saw 45 of its levels.
You visited the Abyss 1 time.
You also visited: Sewer, Bailey, Volcano and Wizlab.

You collected 7945 gold pieces.
You spent 2981 gold pieces at shops.

Inventory:

Hand Weapons
 d - the +7 battleaxe of Foul Odors {chop, rPois rC+ Str+3}
   (Trog gifted it to you on level 5 of the Vaults)

   It inflicts extra damage upon your enemies.
   It affects your strength (+3).
   It protects you from cold.
   It protects you from poison.
 p - a +9 executioner's axe of freezing
 J - a +5 antimagic executioner's axe (weapon)
Missiles
 D - 16 steel javelins (quivered)
 Z - 23 javelins of penetration
Armour
 m - a +2 hat of magic resistance (worn)
 y - a +12 gold dragon armour (worn)
 E - a +0 pair of gloves of strength (worn)
 O - a +2 cloak of fire resistance (worn)
 S - a +2 pair of boots (worn)
Rods
 k - a +0 rod of destruction (12/12)
   (You found it on level 2 of the Snake Pit)
Jewellery
 f - an amulet of resist mutation (around neck)
 q - an uncursed amulet of regeneration
 A - an uncursed ring of see invisible
 G - a ring of protection from cold (left hand)
 T - a ring of positive energy (right hand)
Wands
 b - a wand of hasting (7)
 h - a wand of teleportation (3)
 w - a wand of hasting (3)
 Y - a wand of heal wounds (0)
Scrolls
 l - 5 scrolls of teleportation
 n - 6 scrolls of immolation
 o - a scroll of fear
 r - a scroll of acquirement
 C - 2 scrolls of blinking
 K - 7 scrolls of magic mapping
 M - 5 scrolls of fog
 U - a scroll of brand weapon
 V - 2 scrolls of silence
Potions
 i - 10 potions of might
 t - 9 potions of magic
 u - 5 potions of berserk rage
 z - 6 potions of flight
 B - 8 potions of haste
 H - 3 potions of resistance
 L - 3 potions of agility
 Q - 5 potions of brilliance
 R - a potion of cancellation
 W - 13 potions of curing
Books
 e - a manual of Armour
Miscellaneous
 g - a lamp of fire
 j - a plain deck of summoning {Foxfire, drawn: 1}
 s - a phantom mirror
 v - a plain deck of defence {the Helm, drawn: 1}
 x - a phial of floods
 F - a sack of spiders
 P - a legendary deck of summoning {the Rangers}
 X - a box of beasts
Comestibles
 a - 2 meat rations
 c - 23 bread rations


   Skills:
 + Level 24.9 Fighting
 O Level 27 Axes
 + Level 16.9 Throwing
 + Level 21.9 Armour
 - Level 11.7 Dodging
 + Level 17.8 Evocations


You had 23 spell levels left.
You didn't know any spells.

Dungeon Overview and Level Annotations

Branches:
Dungeon (15/15)            Temple (0/1) D:5            Lair (8/8) D:9
  Swamp (4/4) Lair:5        Snake (4/4) Lair:4        Slime (0/6) Lair:6
    Orc (4/4) D:12            Elf (3/3) Orc:3        Vaults (5/5) D:14
  Crypt (0/3) Vaults:3     Depths (2/5) D:15

Altars:
Ashenzari
Cheibriados
Elyvilon
Fedhas
Gozag
Kikubaaqudgha
Makhleb
Nemelex Xobeh
Okawaru
Qazlal
Sif Muna
Trog
Vehumet
Xom
Yredelemnul
The Shining One
Jiyva

Shops:
D:9 %   D:12 %   D:13 !   D:14 %   D:15 *   Orc:3 (   Orc:4 }*?*   Snake:3 !
Vaults:2 (   Vaults:4 [

Portals:
Hell: Lair:8 Depths:1 Depths:2
Pandemonium: Depths:1

Annotations:
Swamp:3 Lernaean hydra
Depths:2 the Enchantress


Innate Abilities, Weirdness & Mutations

You reflexively headbutt those who attack you in melee.
You have a pair of horns on your head.
You are partially covered in molten scales (AC +1).
You occasionally shout uncontrollably at your foes.


Message History

The Executioner hits you but does no damage. x2
The Executioner misses you. x2
The Executioner hits you.
* * * LOW HITPOINT WARNING * * *
You chop the lich into pieces!!!!
The lich's magic leaks into the air.
You headbutt the lich.
The lich is almost destroyed.
You feel sick.
The lich casts a spell.
The lich flickers and vanishes!
Deactivating autopickup; reactivate with Ctrl-A.
You slice the lich!!
You destroy the lich!
Trog appreciates your killing of a magic user.
You feel sick.
The Executioner disappears in a puff of smoke!
You feel sick. The lich casts a spell at you. The crystal spear hits you!
You die...

### # ######## ##
.. ...........# .#
.
..#...#†...##§#'#+#
.
............@L§...#
#
.#...#...###{#'#+#
#.. . ..###. .# .
..# # ### ## # ##.
.# . .. ..


You could see a lich.

Vanquished Creatures
  Vashnia (Snake:3)
  2 golden dragons (Vaults:5)
  Nikola (Snake:2)
  The ghost of vible the Peltast, a veteran GrFi of Makhleb (Vaults:5)
  A Hellbinder (WizLab)
  2 bone dragons
  7 liches
  Rupert (D:15)
  A tentacled monstrosity (Vaults:5)
  A titan (Vaults:5)
  Asterion (Depths:1)
  2 deep elf blademasters (Elf:3)
  8 tentacled starspawn
  4 sphinxes
  7 tengu reavers
  A thorn hunter (Swamp:3)
  4 shadow dragons (Vaults:5)
  Kirke (Snake:4)
  11 greater nagas
  2 storm dragons (Vaults:5)
  4 fire giants
  Wiglaf (Snake:3)
  9 deep elf sorcerers
  Maud (Lair:5)
  6 frost giants
  Aizul (Snake:2)
  Louise (Swamp:1)
  A balrug (WizLab)
  20 vault wardens
  3 cacodemons
  4 war gargoyles (Vaults:5)
  14 ironheart preservers
  The ghost of Vergil the Stormcaller, a journeyman HEAE of Qazlal (Lair:7)
  16 very ugly things
  13 stone giants
  19 large abominations
  Nessos (Orc:3)
  6 deep elf demonologists
  14 deep elf annihilators
  Azrael (D:14)
  A dire elephant (Lair:8)
  2 salamander stormcallers
  A red draconian (Volcano)
  12 ettins
  4 deep elf death magi
  A green death (WizLab)
  10 crystal guardians
  A blizzard demon (Abyss:3)
  A jiangshi (Vaults:3)
  The ghost of Burgietje the Fighter, a journeyman MiFi of Okawaru (D:11)
  30 vault guards
  Josephine (Lair:5)
  6 great orbs of eyes
  7 fire dragons
  19 yaktaur captains
  Erolcha (D:8)
  5 ghost crabs
  10 deep elf high priests
  8 rakshasas
  22 hydras
  Harold (Orc:3)
  A catoblepas (D:13)
  5 ice dragons
  25 naga warriors
  2 hell beasts (WizLab)
  The ghost of Hanibal the Eclecticist, a journeyman DEWz of Vehumet (Lair:2)
  11 centaur warriors
  7 alligators
  13 ogre magi
  18 dancing weapons
  6 tengu warriors
  2 deep troll shamans
  7 anacondas
  5 deep troll earth magi
  A spriggan berserker (Depths:2)
  A titan zombie (Depths:2)
  An orc high priest (Elf:1)
  10 shock serpents
  10 death yaks
  17 thrashing horrors
  3 soul eaters (WizLab)
  Sonja (Orc:3)
  An iron troll (Depths:2)
  21 naga sharpshooters
  3 sun demons
  3 spriggans
  3 fire crabs
  8 salamander mystics
  11 wretched stars
  2 wizards
  2 spatial maelstroms
  6 naga ritualists
  2 ice devils (WizLab)
  A storm dragon skeleton (Depths:2)
  23 deep trolls
  29 deep elf knights
  2 death drakes (Abyss:5)
  3 flayed ghosts
  7 unseen horrors
  8 hill giants
  4 giant orange brains
  A spriggan druid (Swamp:4)
  A gelid demonspawn (Abyss:5)
  2 shadow wraiths
  A shadow demon (Abyss:4)
  A death drake (shapeshifter) (D:15)
  9 swamp dragons
  6 deep elf summoners
  A golden dragon zombie (Depths:2)
  A shambling mangrove (Swamp:4)
  16 deep elf conjurers
  An anaconda skeleton (Abyss:2)
  An orb spider (Abyss:4)
  11 wolf spiders
  7 harpies
  26 ironbrand convokers
  3 manticores
  A salamander (shapeshifter) (Vaults:5)
  4 necromancers
  A hornet (shapeshifter) (Vaults:1)
  A wolf spider zombie (D:14)
  22 orc knights
  An octopode (shapeshifter) (Vaults:2)
  3 phantasmal warriors
  A tengu skeleton (Depths:1)
  6 orc sorcerers
  8 griffons
  42 ugly things
  A lindwurm (Lair:8)
  7 mana vipers
  4 hornets
  A shadow dragon skeleton (Depths:2)
  2 elephants (Lair:8)
  A fire giant zombie (Depths:1)
  3 sixfirhies
  19 salamanders
  7 cyclopes
  Maurice (D:9)
  An eye of devastation (shapeshifter) (Depths:1)
  40 black mambas
  A rust devil (WizLab)
  17 naga magi
  9 worldbinders
  2 molten gargoyles (Volcano)
  A torpor snail (shapeshifter) (Depths:1)
  A gargoyle (D:15)
  18 vault sentinels
  9 guardian serpents
  A torpor snail (Lair:6)
  16 spiny frogs
  6 orange demons
  An apocalypse crab (Abyss:5)
  2 kobold demonologists
  A spiny frog (shapeshifter) (Vaults:3)
  A yaktaur (shapeshifter) (D:15)
  A spriggan zombie (Depths:1)
  64 yaktaurs
  2 efreet (Abyss:5)
  7 smoke demons
  11 komodo dragons
  3 fire drakes
  4 tengu conjurers
  7 ancient zymes
  6 freezing wraiths
  16 deep elf priests
  7 blue devils
  An elf skeleton (Depths:2)
  23 two-headed ogres
  A komodo dragon (shapeshifter) (Vaults:1)
  A red devil (Lair:8)
  A hellwing (Abyss:1)
  A polar bear (shapeshifter) (Vaults:2)
  16 trolls
  A polar bear (D:11)
  24 raiju
  4 giant leeches
  A frost giant simulacrum (Depths:2)
  9 bog bodies
  An ettin zombie (Abyss:2)
  6 boulder beetles
  35 slime creatures
  2 blink frogs (shapeshifter)
  2 fire dragon zombies
  2 wyverns
  32 blink frogs
  3 spriggans (shapeshifter)
  25 starcursed masses
  A flying skull (Abyss:5)
  A tarantella (Vaults:4)
  5 wraiths
  Sigmund (D:6)
  A trapdoor spider (Abyss:5)
  5 ynoxinuls
  7 redbacks
  27 deep elf magi
  2 ettin skeletons
  4 fire elementals (D:14)
  A tarantella (shapeshifter) (Vaults:2)
  A human (D:7)
  55 vampire mosquitoes
  3 fire bats (Lair:1)
  37 deep elf fighters
  A vampire (D:14)
  5 shadows
  6 chaos spawn
  35 yaks
  14 wolves
  21 hippogriffs
  4 hogs
  2 basilisks
  9 neqoxecs
  3 spatial vortices (Abyss:5)
  4 hungry ghosts
  8 wargs
  A hippogriff (shapeshifter) (Vaults:3)
  13 insubstantial wisps
  3 mottled dragons
  A human simulacrum (Vaults:1)
  26 swamp worms
  9 porcupines
  63 nagas
  19 water moccasins
  4 hell hounds
  Purgy (Sewer)
  2 black bears
  7 sky beasts
  2 eyes of draining
  48 orc warriors
  A black bear (shapeshifter) (Vaults:4)
  10 wasps
  11 swamp drakes
  48 ogres
  7 phantoms
  The ghost of ldierk the Poker, an amateur MiGl (D:3)
  13 boggarts
  34 centaurs
  4 ice beasts
  18 crocodiles
  20 giant frogs
  A big kobold (D:12)
  A wyvern zombie (D:9)
  A gnoll sergeant (D:11)
  3 wyvern skeletons
  7 scorpions
  A scorpion (shapeshifter) (Vaults:5)
  9 killer bees (D:10)
  15 small abominations
  7 electric eels
  14 wights
  3 jellies
  5 crimson imps
  A gnoll shaman (D:9)
  5 centaur skeletons
  2 centaur zombies
  5 hounds
  11 iguanas
  28 orc priests
  2 quasits
  3 giant frog skeletons
  4 giant frog zombies
  An iron imp (Abyss:3)
  12 worker ants
  Terence (D:3)
  28 orc wizards
  2 killer bee zombies (D:9)
  18 sheep
  2 centaur simulacra (D:11)
  A hound zombie (D:10)
  2 hound skeletons
  A worker ant zombie (D:9)
  11 adders
  12 gnolls
  29 river rats
  2 white imps (D:11)
  3 shadow imps
  2 ufetubi
  2 adder skeletons
  An adder zombie (D:9)
  6 worms
  7 giant geckos
  184 orcs
  A bat zombie (D:6)
  9 giant cockroaches
  7 hobgoblins
  12 jackals
  4 quokkas
  5 ball pythons
  21 bats
  A giant gecko skeleton (D:5)
  5 giant newts
  9 goblins
  A jackal zombie (D:6)
  14 kobolds
  A quokka skeleton (D:10)
  23 rats
  A rat zombie (D:6)
  5 briar patches (Swamp:3)
  3 crawling corpses
  6 fire vortices (Vaults:3)
  8 fungi
  2 plants (Lair:8)
  2 starspawn tentacles (Abyss:5)
2519 creatures vanquished.

Vanquished Creatures (collateral kills)
  The ghost of ldierk the Conqueror, a veteran MiGl of Ashenzari (Vaults:5)
  A lich (Abyss:5)
  A deep elf master archer (Elf:3)
  3 deep elf annihilators (Elf:3)
  A deep elf demonologist (Elf:3)
  An ettin (Depths:1)
  4 hydras
  An alligator (Swamp:3)
  A naga sharpshooter (Snake:3)
  A large abomination (Abyss:5)
  A naga ritualist (Snake:4)
  An ironbrand convoker (Vaults:3)
  A black mamba (Lair:7)
  2 orange demons (Lair:8)
  A yaktaur (Vaults:5)
  A blue devil (Lair:8)
  A giant leech (Swamp:3)
  2 raiju (Abyss:5)
  2 vampire mosquitoes (Swamp:3)
  2 hungry ghosts
  A hell hound (Lair:8)
  4 river rats (Lair:7)
  2 briar patches (Swamp:3)
36 creatures vanquished.

Vanquished Creatures (others)
  An eldritch tentacle (Abyss:5)
  A swamp dragon (Swamp:4)
  A deep elf conjurer (Elf:1)
  A wizard (D:3)
  A griffon (Vaults:3)
  A deep elf priest (Elf:2)
  A water elemental (D:12)
  A deep elf mage (Elf:1)
  A deep elf fighter (Volcano)
  A neqoxec (Abyss:5)
  A golden eye (Abyss:5)
  A swamp worm (Swamp:2)
  A wasp (Swamp:4)
  A boggart (Depths:2)
  An eye of draining (Abyss:5)
  3 orcs
  2 kobolds (D:12)
  A giant cockroach (D:2)
  A bush (Lair:8)
  32 eldritch tentacle segments (Abyss:5)
  21 fungi
  4 lurking horrors (Abyss:5)
  10 plants
  8 starspawn tentacles
  43 starspawn tentacle segments
140 creatures vanquished.

Grand Total: 2695 creatures vanquished

Notes
Turn   | Place    | Note
--------------------------------------------------------------
     0 | D:1      | TugoseryaHuesosov the Minotaur Berserker began the quest for the Orb.
     0 | D:1      | Reached XP level 1. HP: 19/19 MP: 0/0
    96 | D:1      | Reached skill level 4 in Axes
   315 | D:1      | Reached XP level 2. HP: 26/26 MP: 1/1
   642 | D:2      | Found a glowing golden altar of the Shining One.
   700 | D:2      | Found a basalt altar of Yredelemnul.
   782 | D:2      | Reached ** piety under Trog
   782 | D:2      | Reached skill level 5 in Axes
   787 | D:2      | Gained mutation: You possess an exceptional clarity of mind. [potion of mutation]
   787 | D:2      | Gained mutation: You expend magic power (3 MP) to strengthen your wands. [potion of mutation]
   787 | D:2      | Gained mutation: You are robust (+10% HP). [potion of mutation]
  1181 | D:2      | Reached XP level 3. HP: 31/34 MP: 2/2
  1261 | D:2      | Found an iron altar of Okawaru.
  1810 | D:2      | Noticed an angel
  2114 | D:3      | Reached XP level 4. HP: 44/44 MP: 3/3
  2161 | D:3      | Noticed ldierk's ghost (amateur MiGl)
  2172 | D:3      | Killed ldierk's ghost
  2172 | D:3      | Reached skill level 6 in Axes
  2172 | D:3      | Reached XP level 5. HP: 50/50 MP: 4/4
  2428 | D:3      | Found a bloodstained altar of Trog.
  2429 | D:3      | Noticed a wizard
  2435 | D:3      | Killed a wizard
  2451 | D:3      | Noticed Terence
  2460 | D:3      | Killed Terence
  2882 | D:4      | Reached *** piety under Trog
  3160 | D:4      | Found a white marble altar of Elyvilon.
  3196 | D:4      | Reached XP level 6. HP: 42/58 MP: 5/5
  3566 | D:4      | Found a deep blue altar of Sif Muna.
  3666 | D:5      | Entered Level 5 of the Dungeon
  3666 | D:5      | Found a radiant altar of Vehumet.
  3697 | D:5      | Reached skill level 7 in Axes
  3721 | D:5      | Found a glowing drain.
  3743 | Sewer    | Entered a sewer
  3793 | Sewer    | Noticed Purgy
  3804 | Sewer    | Killed Purgy
  3900 | D:5      | Reached skill level 5 in Fighting
  3909 | D:5      | Reached skill level 5 in Armour
  3911 | D:5      | Reached XP level 7. HP: 67/67 MP: 6/6
  3919 | D:5      | Reached skill level 8 in Axes
  4523 | D:5      | Found a shattered altar of Ashenzari.
  4678 | D:5      | Found a glowing golden altar of the Shining One.
  4949 | D:5      | Reached skill level 9 in Axes
  5029 | D:5      | Found a staircase to the Ecumenical Temple.
  5070 | D:5      | Reached XP level 8. HP: 77/77 MP: 7/7
  5413 | D:6      | Reached skill level 10 in Axes
  5445 | D:6      | Reached **** piety under Trog
  5536 | D:6      | Found a burning altar of Makhleb.
  5536 | D:6      | Noticed a balrug
  5539 | D:6      | Noticed a hellwing
  5733 | D:6      | Reached skill level 1 in Throwing
  5811 | D:6      | Found a stormy altar of Qazlal.
  5836 | D:6      | Noticed Sigmund
  5855 | D:6      | Killed Sigmund
  5855 | D:6      | Reached XP level 9. HP: 81/86 MP: 8/8
  5939 | D:6      | Found an ancient bone altar of Kikubaaqudgha.
  6094 | D:6      | Found a blossoming altar of Fedhas.
  6468 | D:7      | Found an iron altar of Okawaru.
  6855 | D:7      | Found a sparkling altar of Nemelex Xobeh.
  6950 | D:7      | Reached skill level 11 in Axes
  7128 | D:8      | Noticed Erolcha
  7148 | D:8      | Killed Erolcha
  7148 | D:8      | Reached XP level 10. HP: 100/100 MP: 9/9
  7551 | D:8      | Found a bloodstained altar of Trog.
  7917 | D:8      | Found a snail-covered altar of Cheibriados.
  8073 | D:9      | Reached ***** piety under Trog
  8074 | D:9      | Received a gift from Trog
  8174 | D:9      | Reached skill level 5 in Throwing
  8407 | D:9      | Noticed Maurice
  8419 | D:9      | Killed Maurice
  8520 | D:9      | Found a staircase to the Lair.
  8580 | D:9      | Reached skill level 12 in Axes
  8951 | D:9      | Reached skill level 10 in Fighting
  9073 | D:9      | Got a jewelled war axe
  9074 | D:9      | Identified the +5 war axe of the Traitor {speed, rElec rPois} (You found it on level 9 of the Dungeon)
  9086 | D:9      | Reached skill level 10 in Armour
  9374 | D:9      | Found Ecetat Jeci's Food Boutique.
  9404 | D:9      | Found an opulent altar of Gozag.
  9539 | D:9      | Found an iron altar of Okawaru.
  9657 | D:10     | Entered Level 10 of the Dungeon
  9679 | D:10     | Received a gift from Trog
  9834 | D:10     | Reached XP level 11. HP: 111/111 MP: 10/10
  9939 | D:10     | Found a flagged portal.
  9945 | Bailey   | Entered a bailey
 10015 | Bailey   | Found a bloodstained altar of Trog.
 10640 | D:11     | Noticed Burgietje's ghost (journeyman MiFi)
 10652 | D:11     | Killed Burgietje's ghost
 10760 | D:11     | Reached skill level 13 in Axes
 10883 | D:11     | Received a gift from Trog
 11511 | D:11     | Noticed a hill giant
 11519 | D:11     | Killed a hill giant
 11519 | D:11     | Received a gift from Trog
 11852 | D:12     | Found a staircase to the Orcish Mines.
 11938 | D:12     | Received a gift from Trog
 12117 | D:12     | You fall through a shaft for 3 floors!
 12117 | D:15     | Entered Level 15 of the Dungeon
 12117 | D:15     | Found Bitagem's General Store.
 12120 | D:15     | Bought a potion of haste for 140 gold pieces
 12120 | D:15     | Bought a potion of curing for 42 gold pieces
 12120 | D:15     | Bought a potion of heal wounds for 70 gold pieces
 12120 | D:15     | Bought a +0 blowgun for 35 gold pieces
 12124 | D:15     | Noticed Rupert
 12128 | D:15     | Paralysed by Rupert for 7 turns
 12152 | D:15     | Killed Rupert
 12152 | D:15     | Reached XP level 12. HP: 90/123 MP: 11/11
 12317 | D:14     | Noticed Azrael
 12337 | D:14     | Killed Azrael
 12736 | D:14     | Found Zigelec's Food Shoppe.
 12777 | D:14     | Reached skill level 14 in Axes
 13336 | D:12     | Found Voameno's Food Boutique.
 13357 | D:12     | Noticed a hill giant
 13369 | D:12     | Killed a hill giant
 14429 | D:13     | Identified a scroll of acquirement
 14434 | D:13     | Lost mutation: You are robust (+10% HP). [potion of cure mutation]
 14434 | D:13     | Lost mutation: You expend magic power (3 MP) to strengthen your wands. [potion of cure mutation]
 14434 | D:13     | Lost mutation: You possess an exceptional clarity of mind. [potion of cure mutation]
 14483 | D:13     | Received a gift from Trog
 14759 | D:13     | Found Uxapu's Distillery.
 14762 | D:13     | Bought a potion of heal wounds for 65 gold pieces
 14762 | D:13     | Bought 2 potions of haste for 260 gold pieces
 14762 | D:13     | Bought a potion of cancellation for 104 gold pieces
 14762 | D:13     | Bought a potion of curing for 39 gold pieces
 14762 | D:13     | Bought a potion of haste for 130 gold pieces
 14762 | D:13     | Bought 2 potions of curing for 78 gold pieces
 14801 | D:13     | Reached XP level 13. HP: 89/122 MP: 12/12
 15228 | D:13     | Reached skill level 10 in Throwing
 15373 | D:14     | Noticed an ogre mage
 15410 | D:14     | Killed an ogre mage
 15429 | D:14     | Found a gate to the Vaults.
 15655 | Lair:1   | Entered Level 1 of the Lair of Beasts
 15678 | Lair:1   | Found a dark tunnel.
 15687 | Volcano  | Entered a volcano
 16013 | Volcano  | Found a burning altar of Makhleb.
 16013 | Volcano  | Noticed a red draconian
 16028 | Volcano  | Killed a red draconian
 16186 | Volcano  | Reached skill level 15 in Axes
 17339 | Lair:2   | Upgraded the game from 0.17-a0-2198-g482c6e3 to 0.17-a0-2211-gbb7320e
 17396 | Lair:2   | Received a gift from Trog
 17553 | Lair:2   | Noticed Hanibal's ghost (journeyman DEWz)
 17589 | Lair:2   | Killed Hanibal's ghost
 17641 | Lair:2   | Reached skill level 15 in Fighting
 18409 | Lair:3   | Received a gift from Trog
 18836 | Lair:3   | Reached skill level 1 in Evocations
 19336 | Lair:4   | Found a staircase to the Snake Pit.
 19589 | Lair:4   | Got a faintly glowing copper ring
 19591 | Lair:4   | Identified the ring of Attitude {+/*Tele Str+5 Int+7 Slay-4} (You found it on level 4 of the Lair of Beasts)
 20064 | Lair:5   | Noticed Josephine
 20072 | Lair:5   | Killed Josephine
 20553 | Lair:5   | Noticed Maud
 20566 | Lair:5   | Reached skill level 16 in Axes
 20571 | Lair:5   | Killed Maud
 20571 | Lair:5   | Reached XP level 14. HP: 126/136 MP: 13/15
 20769 | Lair:5   | Received a gift from Trog
 20801 | Lair:5   | Found a staircase to the Swamp.
 21031 | Lair:6   | Found a viscous altar of Jiyva.
 21031 | Lair:6   | Found a staircase to the Slime Pits.
 21070 | Lair:6   | Reached ****** piety under Trog
 21545 | Lair:6   | Received a gift from Trog
 22697 | Lair:7   | Noticed Vergil's ghost (journeyman HEAE)
 22725 | Lair:7   | Killed Vergil's ghost
 23179 | Lair:1   | Gained mutation: You are partially covered in molten scales (AC +1). [potion of beneficial mutation]
 23292 | Lair:5   | Reached skill level 17 in Axes
 23667 | Lair:7   | Reached skill level 15 in Armour
 23677 | Lair:7   | Received a gift from Trog
 23937 | Lair:8   | Entered Level 8 of the Lair of Beasts
 24208 | Lair:8   | Reached skill level 5 in Evocations
 24943 | Lair:8   | Reached XP level 15. HP: 128/147 MP: 18/18
 25046 | Lair:8   | Received a gift from Trog
 25522 | Lair:8   | Found a burning altar of Makhleb.
 25547 | Lair:8   | Received a gift from Trog
 25554 | Lair:8   | Found a gateway to Hell.
 26152 | Orc:1    | Entered Level 1 of the Orcish Mines
 26233 | Orc:1    | Received a gift from Trog
 26514 | Orc:3    | Found Zytott's Weapon Boutique.
 26514 | Orc:3    | Noticed Sonja
 26541 | Orc:3    | Killed Sonja
 26780 | Orc:3    | Found a staircase to the Elven Halls.
 26827 | Orc:3    | Received a gift from Trog
 26861 | Orc:3    | Noticed Harold
 26870 | Orc:3    | Killed Harold
 26870 | Orc:3    | Reached skill level 18 in Axes
 27448 | Orc:3    | Noticed Nessos
 27454 | Orc:3    | Killed Nessos
 27737 | Orc:2    | Received a gift from Trog
 28009 | Orc:1    | Received a gift from Trog
 28028 | Orc:1    | Got an encrusted battleaxe {god gift}
 28035 | Orc:1    | Identified the +4 battleaxe "Tagiom" {chop, +Blink rF+} (Trog gifted it to you on level 1 of the Orcish Mines)
 28258 | Orc:4    | Entered Level 4 of the Orcish Mines
 29454 | Orc:4    | Received a gift from Trog
 29510 | Orc:4    | Found Daonlat's Magic Scroll Shoppe.
 29681 | Orc:4    | Found Cuescheo's General Store.
 29682 | Orc:4    | Received a gift from Trog
 29901 | Orc:4    | Found Gepp's Assorted Antiques.
 29912 | Orc:4    | Found Vydidibb's Gadget Emporium.
 29934 | Orc:4    | Bought a scroll of immolation for 49 gold pieces
 29934 | Orc:4    | Bought a scroll of enchant armour for 105 gold pieces
 29934 | Orc:4    | Bought a scroll of recharging for 133 gold pieces
 29934 | Orc:4    | Bought a scroll of enchant weapon for 105 gold pieces
 29934 | Orc:4    | Bought a scroll of recharging for 133 gold pieces
 29934 | Orc:4    | Bought a scroll of enchant weapon for 105 gold pieces
 29944 | Orc:4    | Bought a sack of spiders for 300 gold pieces
 29944 | Orc:4    | Bought a plain deck of defence for 210 gold pieces
 29944 | Orc:4    | Bought a plain deck of summoning for 210 gold pieces
 30381 | Orc:4    | Bought a scroll of identify for 28 gold pieces
 30740 | Swamp:1  | Entered Level 1 of the Swamp
 30748 | Swamp:1  | Received a gift from Trog
 31269 | Swamp:1  | Noticed Louise
 31287 | Swamp:1  | Killed Louise
 31460 | Swamp:1  | Reached skill level 19 in Axes
 32228 | Swamp:2  | Reached XP level 16. HP: 138/159 MP: 20/20
 33722 | Swamp:3  | Received a gift from Trog
 33737 | Swamp:3  | Found a shattered altar of Ashenzari.
 34146 | Swamp:4  | Entered Level 4 of the Swamp
 34862 | Swamp:4  | Noticed the 27-headed Lernaean hydra
 34883 | Swamp:3  | Reached skill level 20 in Axes
 35566 | Swamp:4  | Got a decaying rune of Zot
 36237 | Snake:1  | Entered Level 1 of the Snake Pit
 36290 | Snake:1  | Received a gift from Trog
 36481 | Snake:1  | Found a sparkling altar of Nemelex Xobeh.
 37686 | Snake:2  | Reached XP level 17. HP: 92/169 MP: 22/22
 37691 | Snake:2  | Identified a +0 rod of destruction (12/12) (You found it on level 2 of the Snake Pit)
 37780 | Snake:2  | Noticed Aizul
 37804 | Snake:2  | Killed Aizul
 38180 | Snake:2  | Received a gift from Trog
 38259 | Snake:2  | Found a shimmering altar of Xom.
 38693 | Snake:2  | Noticed Nikola
 38719 | Snake:2  | Killed Nikola
 39088 | Snake:3  | Reached skill level 21 in Axes
 39313 | Snake:3  | Reached skill level 10 in Evocations
 39475 | Snake:3  | Noticed Wiglaf
 39498 | Snake:3  | Killed Wiglaf
 39896 | Snake:3  | Noticed Vashnia
 39913 | Snake:3  | Received a gift from Trog
 39915 | Snake:3  | Found Reingyly's Distillery.
 39927 | Snake:3  | Killed Vashnia
 39954 | Snake:3  | Bought 2 potions of haste for 320 gold pieces
 39954 | Snake:3  | Bought a potion of heal wounds for 80 gold pieces
 39954 | Snake:3  | Bought a potion of curing for 48 gold pieces
 39954 | Snake:3  | Bought a potion of curing for 48 gold pieces
 40561 | Snake:4  | Entered Level 4 of the Snake Pit
 40561 | Snake:4  | Noticed Kirke
 40686 | Snake:4  | Killed Kirke
 41014 | Snake:4  | Received a gift from Trog
 41188 | Snake:4  | Reached XP level 18. HP: 180/180 MP: 25/25
 41535 | Snake:4  | Reached skill level 22 in Axes
 42608 | Snake:4  | Received a gift from Trog
 42953 | Snake:4  | Received a gift from Trog
 43278 | Snake:4  | Received a gift from Trog
 43379 | Snake:4  | Got a serpentine rune of Zot
 43866 | Snake:4  | Received a gift from Trog
 44228 | Elf:1    | Entered Level 1 of the Elven Halls
 44404 | Elf:1    | Received a gift from Trog
 44421 | Elf:1    | Got a transparent battleaxe {god gift}
 44426 | Elf:1    | Identified the +2 battleaxe of Heud {antimagic, Int+2} (Trog gifted it to you on level 1 of the Elven Halls)
 45594 | Elf:2    | Reached XP level 19. HP: 189/189 MP: 9/27
 45632 | Elf:2    | Received a gift from Trog
 45635 | Elf:2    | Reached skill level 23 in Axes
 46473 | Elf:2    | Found a runed gate.
 46473 | Elf:2    | Found a runed gate.
 46475 | Elf:2    | Found a runed gate.
 47223 | Elf:3    | Entered Level 3 of the Elven Halls
 47229 | Elf:3    | Received a gift from Trog
 49023 | Elf:3    | Received a gift from Trog
 49924 | Elf:3    | Reached skill level 5 in Dodging
 50067 | Elf:3    | Received a gift from Trog
 51580 | D:15     | Found a staircase to the Depths.
 51580 | D:15     | Noticed a frost giant
 51583 | D:15     | Noticed a centaur warrior
 51583 | D:15     | Killed a frost giant
 51583 | D:15     | Reached XP level 20. HP: 162/199 MP: 29/29
 51588 | D:15     | Killed a centaur warrior
 51660 | D:15     | Noticed a six-headed hydra
 51664 | D:15     | Killed a six-headed hydra
 51709 | D:15     | Killed an unseen horror
 51725 | D:15     | Noticed an unseen horror
 51728 | D:15     | Killed an unseen horror
 51964 | D:15     | Noticed a hill giant
 51971 | D:15     | Killed a hill giant
 52093 | D:15     | Reached skill level 24 in Axes
 52592 | Vaults:1 | Entered Level 1 of the Vaults
 52932 | Vaults:1 | Paralysed by a hornet for 4 turns
 53068 | Vaults:1 | Got a brightly glowing battleaxe
 53069 | Vaults:1 | Lost intelligence.
 53069 | Vaults:1 | Identified the +6 battleaxe of a volcano {drain, rF- Str+6 Int-4 Dex+4} (You found it on level 1 of the Vaults)
 53117 | Vaults:1 | Received a gift from Trog
 53944 | Vaults:1 | Received a gift from Trog
 54129 | Vaults:1 | Received a gift from Trog
 54949 | Vaults:2 | Received a gift from Trog
 56217 | Vaults:2 | Found Yrupnar's Antique Weapon Shop.
 56489 | Vaults:2 | Received a gift from Trog
 56536 | Vaults:2 | Got a transparent battleaxe {god gift}
 56537 | Vaults:2 | Identified the +1 battleaxe "Donkam" {chop, Dex+5 SInv} (Trog gifted it to you on level 2 of the Vaults)
 56857 | Vaults:3 | Reached XP level 21. HP: 184/207 MP: 31/31
 57035 | Vaults:3 | Received a gift from Trog
 57285 | Vaults:3 | Reached skill level 15 in Evocations
 57420 | Vaults:3 | Reached skill level 25 in Axes
 57675 | Vaults:3 | Received a gift from Trog
 58813 | Vaults:3 | Found a staircase to the Crypt.
 58975 | Vaults:3 | Received a gift from Trog
 59365 | Vaults:4 | Received a gift from Trog
 60065 | Vaults:4 | Reached skill level 10 in Dodging
 60071 | Vaults:4 | Received a gift from Trog
 60160 | Vaults:4 | Paralysed by a hornet for 4 turns
 60312 | Vaults:4 | Reached XP level 22. HP: 173/217 MP: 32/32
 60671 | Vaults:4 | Found Vathricust's Antique Armour Shop.
 60678 | Vaults:4 | Bought a pair of embroidered gloves for 144 gold pieces
 61371 | Vaults:5 | Entered Level 5 of the Vaults
 61377 | Vaults:5 | Reached skill level 26 in Axes
 61384 | Vaults:5 | Noticed ldierk's ghost (veteran MiGl)
 61386 | Vaults:5 | Noticed vible's ghost (veteran GrFi)
 61397 | Vaults:5 | Killed vible's ghost
 61418 | Vaults:5 | Received a gift from Trog
 61428 | Vaults:5 | Received a gift from Trog
 61643 | Vaults:5 | Got a silver rune of Zot
 61807 | Vaults:5 | Received a gift from Trog
 62195 | Vaults:5 | Reached XP level 23. HP: 201/227 MP: 34/34
 62464 | Vaults:5 | Killed ldierk's ghost
 63224 | Vaults:5 | Reached skill level 27 in Axes
 63572 | Vaults:5 | Reached skill level 15 in Throwing
 64914 | Depths:1 | Entered Level 1 of the Depths
 64983 | Depths:1 | Received a gift from Trog
 65092 | Depths:1 | Received a gift from Trog
 65107 | Depths:1 | Noticed Asterion
 65114 | Depths:1 | Killed Asterion
 65300 | Depths:1 | Found a one-way gate leading to the halls of Pandemonium.
 65968 | Vaults:5 | Got a brightly glowing battleaxe {god gift}
 65970 | Vaults:5 | Identified the +7 battleaxe of Foul Odors {chop, rPois rC+ Str+3} (Trog gifted it to you on level 5 of the Vaults)
 66836 | Depths:1 | Received a gift from Trog
 67000 | Depths:2 | Found a magical portal.
 67076 | WizLab   | Entered The Hall of Niecw the Hellbinder
 67677 | WizLab   | Found a burning altar of Makhleb.
 67803 | Depths:2 | Received a gift from Trog
 67810 | Depths:2 | Identified a -1 rod of shadows (14/14) (You found it in a wizard's laboratory)
 67811 | Depths:2 | Identified a cursed +1 rod of shadows (12/12) (You found it in a wizard's laboratory)
 68791 | Depths:2 | Reached XP level 24. HP: 213/238 MP: 34/34
 69365 | Depths:2 | Received a gift from Trog
 69578 | Depths:2 | Noticed the Enchantress
 69588 | Depths:2 | Cast into the Abyss (the Enchantress)
 69695 | Abyss:1  | Found a corrupted altar of Lugonu.
 69789 | Abyss:1  | Found a corrupted altar of Lugonu.
 69960 | Abyss:2  | Found a basalt altar of Yredelemnul.
 69997 | Abyss:2  | Received a gift from Trog
 70002 | Abyss:2  | Paralysed by accursed screaming for 1 turns
 70008 | Abyss:2  | Paralysed by accursed screaming for 2 turns
 70188 | Abyss:3  | Found a corrupted altar of Lugonu.
 70210 | Abyss:3  | Found a corrupted altar of Lugonu.
 70222 | Abyss:3  | Gained mutation: You occasionally shout uncontrollably at your foes. [a neqoxec]
 70391 | Abyss:3  | Found a viscous altar of Jiyva.
 70518 | Abyss:3  | Received a gift from Trog
 70889 | Abyss:5  | Entered Level 5 of the Abyss
 71022 | Abyss:5  | Received a gift from Trog
 71235 | Abyss:5  | Paralysed by accursed screaming for 1 turns
 71979 | Abyss:5  | Killed from afar by a lich

Vault maps used:
D:1:      dpeg_arrival_rooms_c
D:2:      kennysheep_big_flooded_room, grunt_temple_overflow_holy_war,
          nicolae_overflow_crystal_walls
D:3:      first_bread, trog_wizard, uniq_terence
D:4:      lemuel_coloured_pillars_altar, lemuel_blue_sif_altar
D:5:      fiery_altar_vehumet, minmay_temple_entry_hall,
          gup_sewer_entry_bubbles, basic_altar, ashenzari_altar_1
D:6:      lemuel_zombie_altar_kikubaaqudgha, makhleb_altar_promises_db,
          nicolae_qazlal_style_of_elements, lemuel_round_altar, uniq_sigmund
D:7:      lemuel_round_altar, basic_altar, corexii_leaking_fountain,
          zaba_anthole, grunt_livestock
D:8:      kennysheep_little_box, kennysheep_mini_moat, uniq_erolcha
D:9:      minmay_imperfect_grid, nicolae_gozag_seed_capital,
          grunt_lair_entry_elf_guard_hut, serial_shops, shop_statue,
          corexii_corridor_pit, kennysheep_okawaru_gauntlet, uniq_maurice
D:10:     enter_bailey_2
D:11:     serial_ice, serial_ice_k, serial_ice_e, serial_ice_h, serial_ice_n,
          roderic_whirl
D:12:     orc_0_dummy, serial_shops, shop
D:13:     lab_entry_generic, serial_shops, nicolae_shop_behind_doors,
          kennysheep_generic_room_11
D:14:     david_vaults_2, minivault_14, serial_shops, shop, uniq_azrael
D:15:     grunt_enter_depths_snipers, serial_shops, shop_statue,
          serial_park_tiny_pond, uniq_rupert
Lair:1:   nicolae_volcano_entry_batcave, grunt_megastairs_4
Lair:2:   infiniplex_staircase_pool
Lair:3:   hangedman_lair_generics_rect
Lair:4:   minmay_snake_entry_spellcaster
Lair:5:   minmay_swamp_entry_reptiles, serial_bayou_shore_a,
          serial_bayou_shore_b, uniq_josephine, uniq_maud
Lair:6:   slime_altar_1, serial_bayou_shore_b
Lair:8:   evil_forest, minmay_hedge_maze, st_stairs_7
Swamp:1:  hangedman_swamp_lotus, uniq_louise
Swamp:2:  nicolae_swamp_dense_foliage, swamp_pool2
Swamp:3:  basic_altar
Swamp:4:  swamp_old_school, swamp_pool5
Snake:1:  nicolae_snake_nest, basic_altar
Snake:2:  basic_altar, uniq_aizul, uniq_nikola
Snake:3:  serial_shops, shop, spider_trap, uniq_wiglaf, uniq_vashnia
Snake:4:  johnstein_snake_rune_scales, uniq_kirke
Orc:3:    serial_shops, shop, nicolae_orc_pool_cavern, mines4_lemuel,
          uniq_nessos, uniq_sonja, uniq_harold
Orc:4:    st_orc_open, mines2_lemuel
Elf:1:    hangedman_elven_crosses_minicolossus, hangedman_glass_teeth,
          basic_loot_grate_trap, nicolae_elf_v_pinch, minmay_misc_feat_rows
Elf:2:    due_unseen_surprise
Elf:3:    minmay_elf_hall_golems, st_stairs_10, einodemon_barbed_minivault
Vaults:1: vaults_dpeg_diagonal, hangedman_vaults_hat, st_lattice,
          grunt_vaults_trifunnel, nicolae_vaults_what_the_h, v_rooms_3,
          hangedman_vaults_restitches, vaults_room_semicircle, vaults_dpeg_ring,
          ontoclasm_vaults_idyll, grunt_vaults_swirl
Vaults:2: ontoclasm_vaults_ligature, nicolae_vaults_ninety_degrees,
          vaults_room_ringed_pool, nicolae_vaults_big_ls,
          hangedman_vaults_stream, hangedman_vaults_maws,
          nicolae_vaults_circle_grid_a, vaults_room_grid,
          vaults_mumra_minichess, nicolae_vaults_yaktaur_gun_rack, serial_shops,
          nicolae_shop_overgrown_old_shop
Vaults:3: v_misc_26, hangedman_vaults_restitches, dpeg_vaults_monster_box,
          kb_rosetta, grunt_vaults_bifocal, hangedman_vaults_pinch,
          nicolae_vaults_disjoint_gnomons,
          nicolae_vaults_windows_and_doors_thing,
          minmay_crypt_entry_simple_plaza, ontoclasm_vaults_ring_square,
          vaults_room_stairs_pillars, vaults_room_grid, ontoclasm_vaults_fault,
          nicolae_vaults_asterisk
Vaults:4: vaults_room_large_hall, vaults_room_grid,
          nicolae_vaults_three_branches, st_octagons_2, v_misc_29,
          nicolae_vaults_disjoint_gnomons, v_misc_28, hangedman_vaults_corner,
          v_pattern_2, nicolae_vaults_little_squares_2,
          hangedman_vaults_stretched_pinwheel,
          hangedman_vaults_stretched_pinwheel, ontoclasm_vaults_decontamination,
          serial_shops, shop
Depths:1: pf_vacation_house_of_asmodeus, kennysheep_pointless_box, pan_entry,
          kennysheep_potato, grunt_megastairs_1, uniq_asterion
Depths:2: kennysheep_cluttered_fort, rand_demon_pan_entry_4, hell_entry,
          infiniplex_enter_wizlab_water, nrook_mini_vaults,
          minmay_misc_feat_secret_circle, uniq_enchantress
Abyss:2:  minivault_25, minivault_19
Abyss:3:  evilmike_abyss_exit_6, hangedman_decor_peaks_small, abyss_greek_temple
Abyss:4:  nicolae_abyss_rune_containment_breach, minivault_24
Abyss:5:  evilmike_abyss_rune_curve, evilmike_abyss_exit_1,
          evilmike_abyss_exit_disperse
Sewer:    sewer_big_baddie
Bailey:   bailey_axe_3, bailey
Volcano:  volcano_lake
WizLab:   wizlab_demon

Action                   |  1- 3 |  4- 6 |  7- 9 | 10-12 | 13-15 | 16-18 | 19-21 | 22-24 || total
-------------------------+-------+-------+-------+-------+-------+-------+-------+-------++-------
Melee: Hand axe          |    97 |   188 |   285 |       |       |       |       |       ||   570
       Battleaxe         |       |       |       |   186 |       |    91 |   458 |       ||   735
       War axe           |       |       |       |   527 |  1429 |  1469 |       |       ||  3425
       Executioner's axe |       |       |       |    12 |       |    16 |   898 |  1179 ||  2105
       Rod               |       |       |       |       |       |       |       |     3 ||     3
Throw: Stone             |     1 |       |       |       |     1 |       |       |       ||     2
       Tomahawk          |       |       |       |    10 |    57 |       |       |       ||    67
       Javelin           |       |       |       |       |    29 |   124 |    11 |    19 ||   183
Invok: Trog's Hand       |     1 |       |     1 |     1 |       |     1 |     1 |    15 ||    20
       Berserk           |       |     2 |     3 |     8 |     6 |    11 |     5 |     2 ||    37
       Brothers in Arms  |       |       |     1 |     2 |     2 |     7 |     5 |     3 ||    20
       Burn Spellbooks   |       |       |       |     2 |     3 |     2 |     3 |     8 ||    18
Evoke: Wand              |       |       |       |       |     1 |     6 |     1 |    14 ||    22
       Deck              |       |       |       |       |       |     1 |       |     2 ||     3
       Rod               |       |       |       |       |       |       |       |     2 ||     2
  Use: Potion            |     5 |       |       |     2 |     1 |     2 |    10 |    19 ||    39
       Scroll            |       |     2 |     1 |    17 |    17 |    11 |    14 |    41 ||   103
 Stab: Confused          |       |       |       |       |       |     1 |       |       ||     1
       Distracted        |       |       |       |       |       |     1 |       |     1 ||     2
  Eat: Chunk             |     4 |     7 |    12 |    36 |    57 |    48 |    65 |    24 ||   253
       Royal jelly       |       |       |     1 |       |       |       |       |       ||     1
       Beef jerky        |       |       |     3 |       |     1 |     1 |     4 |    10 ||    19
       Pizza             |       |       |       |     2 |       |     2 |       |     1 ||     5
       Fruit             |       |       |       |     2 |     4 |    14 |       |     5 ||    25
       Bread ration      |       |       |       |       |       |     2 |       |     1 ||     3
       Meat ration       |       |       |       |       |       |       |       |     1 ||     1
